 Dungeon Crawl Stone Soup version 0.27-a0-1308-gc08437e49b (webtiles) character file.

Game seed: 3812637937164025526

16732 Leszczynek the Carver (level 12, -5/147 HPs)
             Began as a Human Berserker on June 17, 2021.
             Was an Elder of Trog.
             Slain by an orc warrior (9 damage)
             ... on level 2 of the Orcish Mines on June 18, 2021.
             The game lasted 00:51:12 (6505 turns).

Leszczynek the Carver (Human Berserker)             Turns: 6505, Time: 00:51:13

Health: -5/147     AC: 17    Str: 24    XL:     12   Next: 73%
Magic:  0/12       EV: 14    Int:  7    God:    Trog [****..]
Gold:   488        SH:  0    Dex: 12    Spells: 11/11 levels left

rFire    + . .     SeeInvis +   a - +11 long sword "Xawkyur" {flame, *Rage Will+++ rCorr SInv}
rCold    . . .     Faith    .   (no shield)
rNeg     . . .     Spirit   +   x - +0 troll leather armour
rPois    .         Reflect  .   e - +2 hat
rElec    .         Harm     .   f - +2 cloak
rCorr    +         Rampage  .   j - +0 pair of gloves
Will     +++++     Rnd*Rage +   v - +2 pair of boots {Stlth+}
Stlth    ..........             w - amulet of guardian spirit
HPRegen  2.34/turn              b - ring of protection from fire
MPRegen  0.13/turn              C - +4 ring of protection

@: berserking (expiring), strong-willed, regenerating, very quick
A: no striking features
a: Renounce Religion, Berserk, Trog's Hand, Brothers in Arms


You were on level 2 of the Orcish Mines.
You worshipped Trog.
Trog was greatly pleased with you.
You visited 2 branches of the dungeon, and saw 14 of its levels.
You also visited: Bailey.

You collected 943 gold pieces.
You spent 455 gold pieces at shops.

Inventory:

Hand Weapons
 a - the +11 long sword "Xawkyur" (weapon) {flame, *Rage Will+++ rCorr SInv}
   (You found it on level 6 of the Dungeon)

   It has been specially enchanted to burn those struck by it, causing extra
   injury to most foes and up to half again as much damage against particularly
   susceptible opponents.
   Big, fiery blades are also staple armaments of hydra-hunters.
   It lets you see invisible.
   It may make you go berserk in combat.
   It protects you from acid and corrosion.
   It greatly increases your willpower.
 o - a +0 war axe
 u - a +0 battleaxe
Missiles
 d - 32 poisoned darts (quivered)
 p - 7 curare-tipped darts
Armour
 e - a +2 hat (worn)
 f - a +2 cloak (worn)
 j - a +0 pair of gloves (worn)
 l - a +0 crystal plate armour
 s - a +0 kite shield
 v - a +2 pair of boots of stealth (worn)
 x - a +0 troll leather armour (worn)
Jewellery
 b - a ring of protection from fire (left hand)
 c - a ring of poison resistance
 w - an amulet of guardian spirit (around neck)
 C - a +4 ring of protection (right hand)
Wands
 F - a wand of flame (10)
Scrolls
 k - 2 scrolls of vulnerability {!r}
 m - a scroll of torment {!r}
 n - 2 scrolls of enchant weapon
 y - 5 scrolls of teleportation
 B - a scroll of summoning
 G - a scroll of enchant armour {unknown}
Potions
 g - 2 potions of resistance
 h - 2 potions of cancellation
 i - a potion of magic
 q - a potion of haste
 t - a potion of lignification {unknown}
 z - 2 potions of curing {@q1}
 A - 2 potions of heal wounds {@q2}
 D - 2 potions of might
 E - a potion of brilliance


   Skills:
 * Level 10.5 Fighting
 + Level 12.8 Long Blades
 - Level 9.5 Axes
 - Level 2.0 Armour
 + Level 7.1 Dodging


You had 11 spell levels left.
You didn't know any spells.
Your spell library was empty.

Dungeon Overview and Level Annotations

Branches:
Dungeon (12/15)            Temple (0/1) D:5            Lair (0/6) D:9
    Orc (2/2) D:12         Bailey (visited)
    Elf: Orc:2

Altars:
Fedhas
Gozag
Qazlal

Shops:
D:2 [   D:10 !   D:11 (

Annotations:
D:10 Fannar


Message History

The orc priest invokes the aid of Beogh against you.
Beogh smites you!
An orc priest comes into view. It is wielding a +0 hand axe.
Unknown command.
The orc priest shouts!
You slice the orc!! You burn the orc.
You kill the orc!
Trog accepts your kill.
Unknown command.
An orc comes into view. It is wielding a +0 club.
The orc priest begins to cast a cantrip, but forgets the words!
Your skin crawls.
You feel strong-willed.
The orc warrior hits you with a +0 mace!!
Unknown command.
A red film seems to cover your vision as you go berserk!
You feel yourself moving faster!
You feel mighty!
An orc comes into view. It is wielding a +0 short sword.
The orc knight shoots a bolt.
The bolt hits you!!
You feel a strong urge to attack something.
The orc warrior shouts!
The orc warrior barely misses you. x2
Unknown command.
Unknown command.
The orc knight unwields a +2 vorpal arbalest.
The orc knight wields a +0 great mace.
The orc knight hits you with a +0 great mace!
* * * LOW HITPOINT WARNING * * *
The orc priest completely misses you. The orc warrior barely misses you.
You barely miss the orc knight. The orc warrior closely misses you.
You barely miss the orc knight.
The orc priest mumbles some strange prayers to Beogh against you.
Beogh smites you!
* * * LOW HITPOINT WARNING * * *
The orc knight hits you with a +0 great mace!!
* * * LOW HITPOINT WARNING * * *
The orc priest hits you with a +0 hand axe.
* * * LOW HITPOINT WARNING * * *
The orc warrior hits you from afar with a +0 halberd!
You die...

#(........≈≈≈..o.....
#.....................
.....................##
................o.....
...#.................
...............o.o..###
.............)..oo#.#.##
........#......o.oo....#
....#.....)....o@o....#
....#............#..###
)..##............####
.#####........#.## ##
############


You could see an orc knight, 4 orc warriors, 2 orc priests and 3 orcs.

Vanquished Creatures
  A boulder beetle (D:11)
  A hydra (D:12)
  2 two-headed ogres
  A centaur warrior (D:10)
  Sonja (D:11)
  Pikel (D:6)
  An orc knight (Orc:2)
  A deep elf pyromancer (D:12)
  An orc sorcerer (Orc:2)
  Maggie (D:8)
  3 gargoyles
  9 trolls
  A shadow (D:12)
  2 wraiths
  9 yaks (D:10)
  A wyvern (D:7)
  A warg (Orc:2)
  4 vampire mosquitoes (D:12)
  15 orc warriors
  3 ice beasts
  2 necrophages
  8 ogres
  7 centaurs
  2 phantoms
  3 bullfrogs
  9 kobold brigands
  2 gnoll sergeants (D:12)
  A wyvern skeleton (D:7)
  2 water moccasin skeletons
  4 wights (D:7)
  3 howler monkeys (D:11)
  3 centaur zombies
  A bullfrog zombie (D:5)
  A jelly (D:8)
  8 orc priests
  A bullfrog skeleton (D:5)
  A hound (D:6)
  11 orc wizards
  A howler monkey zombie (D:8)
  7 adders
  5 gnolls
  A shadow imp (D:5)
  2 adder skeletons (D:4)
  2 dart slugs
  38 orcs
  2 ball pythons (D:2)
  A bat (D:2)
  7 endoplasms
  A giant cockroach (D:4)
  3 goblins
  4 hobgoblins
  12 jackals
  A frilled lizard (D:3)
  14 kobolds
  A rat (D:2)
230 creatures vanquished.

Notes
Turn   | Place    | Note
-------+----------+-------------------------------------------
     0 | D:1      | Leszczynek the Human Berserker began the quest for the Orb.
     0 | D:1      | Reached XP level 1. HP: 18/18 MP: 1/1
     0 | D:1      | hit hit hit
     0 | D:1      | then
                  | missmismsismismsismimsimsimsismissmsimsimsismismsimsimsisms
                  | ismsimsi
     0 | D:1      | until death
     0 | D:1      | """random""" number generator
     0 | D:1      | i should've checked how much %to hit was there
    59 | D:2      | Reached XP level 2. HP: 14/24 MP: 2/2
    77 | D:2      | Found Tufibekk's Armour Shop.
   192 | D:3      | Reached skill level 4 in Axes
   192 | D:3      | Reached XP level 3. HP: 29/29 MP: 3/3
   192 | D:3      | oh so that's why i was dying to them
   192 | D:3      | 42% to hit, 1 out of 8 connected
   192 | D:3      | if it actually said 14%, i wouldn't try fighting them
   196 | D:3      | You pass out from exhaustion.
   331 | D:4      | Reached ** piety under Trog
   465 | D:5      | Entered Level 5 of the Dungeon
   483 | D:5      | Found a staircase to the Ecumenical Temple.
   523 | D:5      | Reached XP level 4. HP: 35/35 MP: 4/4
   540 | D:5      | Noticed an ogre
   544 | D:6      | Noticed a necrophage
   550 | D:6      | Noticed a lemure
   565 | D:6      | Reached skill level 5 in Axes
   569 | D:6      | Noticed an ice beast
   577 | D:6      | Noticed a bullfrog
   594 | D:5      | Killed a bullfrog
   595 | D:5      | Reached XP level 5. HP: 34/41 MP: 5/5
   635 | D:4      | Noticed a phantom
   640 | D:4      | Killed a phantom
   641 | D:4      | Reached skill level 6 in Axes
   641 | D:4      | Reached XP level 6. HP: 41/47 MP: 6/6
   658 | D:4      | Noticed an ogre
   696 | D:4      | Killed an ogre
   697 | D:4      | Reached skill level 7 in Axes
   700 | D:4      | You pass out from exhaustion.
   772 | D:4      | Reached XP level 7. HP: 52/52 MP: 7/7
  1029 | D:5      | Reached skill level 8 in Axes
  1102 | D:6      | Reached skill level 4 in Fighting
  1102 | D:6      | Reached XP level 8. HP: 41/60 MP: 8/8
  1294 | D:2      | Bought a +2 cloak for 165 gold pieces
  1445 | D:5      | Reached skill level 5 in Fighting
  1509 | D:6      | Noticed Pikel
  1526 | D:6      | Killed Pikel
  1527 | D:6      | Reached skill level 6 in Fighting
  1527 | D:6      | Reached skill level 9 in Axes
  1527 | D:6      | Reached XP level 9. HP: 71/71 MP: 9/9
  1598 | D:6      | You pass out from exhaustion.
  1666 | D:6      | Identified the +11 long sword "Xawkyur" {flame, *Rage
                  | Will+++ rCorr SInv}
  1667 | D:6      | wew lad
  1726 | D:7      | Reached skill level 1 in Long Blades
  1730 | D:7      | Reached skill level 7 in Fighting
  1792 | D:7      | Reached skill level 2 in Long Blades
  1822 | D:8      | lul
  1822 | D:8      | CPA
  1869 | D:8      | Reached skill level 3 in Long Blades
  1881 | D:8      | Noticed Maggie
  1898 | D:8      | Killed Maggie
  1899 | D:8      | Reached skill level 4 in Long Blades
  1920 | D:8      | Reached skill level 5 in Long Blades
  1941 | D:8      | Reached skill level 6 in Long Blades
  2026 | D:7      | Reached XP level 10. HP: 79/79 MP: 10/10
  2029 | D:7      | Reached *** piety under Trog
  2030 | D:7      | Reached skill level 7 in Long Blades
  2225 | D:8      | Noticed a two-headed ogre
  2233 | D:8      | Killed a two-headed ogre
  2234 | D:8      | Reached skill level 9 in Long Blades
  2237 | D:8      | You pass out from exhaustion.
  2436 | D:10     | Entered Level 10 of the Dungeon
  2462 | D:10     | Noticed a centaur warrior
  2465 | D:10     | HP: 8/79 [centaur warrior/arrow (27)]
  2470 | D:10     | Killed a centaur warrior
  2471 | D:10     | ouch
  2481 | D:10     | hmm, i should berserk myself first, that was retarded
  2481 | D:10     | i keep forgetting it's like haste, not finesse
  2487 | D:10     | after this many games, still
  2487 | D:10     | lol
  2522 | D:10     | Reached skill level 10 in Long Blades
  2809 | D:2      | Bought a +2 pair of boots of stealth for 215 gold pieces
  3025 | D:8      | Found a blossoming altar of Fedhas.
  3452 | D:10     | Reached skill level 11 in Long Blades
  3452 | D:10     | Reached XP level 11. HP: 69/84 MP: 8/11
  3518 | D:10     | Found Lobra's Distillery.
  3523 | D:10     | Bought a potion of heal wounds for 75 gold pieces
  3722 | D:10     | this fucking layout
  3774 | D:10     | Reached skill level 3 in Dodging
  3804 | D:10     | Found an opulent altar of Gozag.
  3980 | D:11     | Found Wiqoca's Weapon Shoppe.
  3980 | D:11     | Noticed a boulder beetle
  4008 | D:11     | Killed a boulder beetle
  4009 | D:11     | Reached skill level 4 in Dodging
  4222 | D:11     | Found a flagged portal.
  4237 | Bailey   | Entered a bailey
  4262 | Bailey   | Identified the +1 ring mail "Quho" {Int-3 Dex+5}
  4263 | Bailey   | lul
  4267 | Bailey   | quality loot
  4292 | D:11     | Upgraded the game from 0.27-a0-1301-g128193abf8 to
                  | 0.27-a0-1308-gc08437e49b
  4490 | D:11     | Reached skill level 12 in Long Blades
  4490 | D:11     | Reached skill level 5 in Dodging
  4603 | D:12     | Found a stormy altar of Qazlal.
  4627 | D:12     | Reached skill level 8 in Fighting
  4773 | D:12     | Noticed a deep elf pyromancer
  4779 | D:12     | Killed a deep elf pyromancer
  4818 | D:12     | Reached **** piety under Trog
  4876 | D:12     | Noticed a six-headed hydra
  4889 | D:12     | Killed a one-headed hydra
  4890 | D:12     | Reached XP level 12. HP: 63/94 MP: 6/12
  4918 | D:12     | You pass out from exhaustion.
  5288 | D:10     | Noticed Fannar
  5305 | D:10     | inb4 lair is behind him
  5462 | D:10     | jesus christ
  5462 | D:10     | where is it
  5627 | D:11     | Noticed Sonja
  5634 | D:11     | Killed Sonja
  5635 | D:11     | Reached skill level 9 in Fighting
  5635 | D:11     | Reached skill level 6 in Dodging
  5679 | D:9      | W H E R E
  5679 | D:9      | i'm actually out of magic mapping now
  5679 | D:9      | ah, here
  5679 | D:9      | hidden in a dead end corricor
  5709 | D:9      | Found a staircase to the Lair.
  5820 | D:12     | Noticed a two-headed ogre
  5826 | D:12     | Killed a two-headed ogre
  5956 | D:12     | Found a staircase to the Orcish Mines.
  6033 | D:12     | this *rage is going to kill me 100%
  6033 | D:12     | if my inattentiveness doesn't first, of course
  6040 | Orc:1    | Entered Level 1 of the Orcish Mines
  6053 | Orc:1    | jesus stop turning on
  6083 | Orc:2    | Entered Level 2 of the Orcish Mines
  6084 | Orc:2    | >bazaar in orc:2
  6084 | Orc:2    | sure why not
  6152 | Orc:2    | Reached skill level 10 in Fighting
  6348 | Orc:2    | Reached skill level 7 in Dodging
  6441 | Orc:2    | jesus fuck it turns on immediately when off cooldown
  6503 | Orc:2    | HP: 29/147 [orc knight (13)]
  6505 | Orc:2    | HP: 6/147 [orc knight (17)]
  6505 | Orc:2    | Slain by an orc warrior

Illustrated notes #.....# #.8.8.# #.....# ##.....## #..8.8..+ ##.....## #8.....8# #...@...# ######### Turn 0 on D:1: hit hit hit ... ### ## .. ... .. ##.. #.##.#.# ...## #.##.#.# #...# #....#.# #.?.# #..#...## #...###.. #....#>.# #@......# .#...###.#######...###.. .#....#..##............# ....#................... .#..####.##............# .#..####.#######...###.. #.......# #..... # ##.###### #>..### #.# #...# Turn 192 on D:3: oh so that's why i was dying to them # ##..# ### #(....# ##.. ).# #..# .# ### .. ### ..# .# # ... .... #.# #.## # ..... .....#@####..###### ## #......................... .##.......................... ............................. #.............##......)...... ..........>....#..##......... .......)..........##......... .................###......... .<÷..............###......... Turn 1667 on D:6: wew lad .# ## ... ..##. ... #..#..... ##....#.# ......#.### ##.....[.##... ##.........[... .......@# ##.#.##.# #.. #..# #... #.### #.. ... Turn 1822 on D:8: lul ####................ #....##'######### #....#.....# #....#.....# #....#.....# #####....#.....# ..........#.....# ...#......#.....# ........@.#.....# ..####..).#.##### # #....#. #....# #....# #....# #....# #....# Turn 2471 on D:10: ouch #################### ..........<........ #..#...##...#.... .##..#....@...# .# ..............#...#. ####................ #....##'######### #....#.....# #....#.....# #....#.....# #####....#.....# ..........#.....# Turn 2481 on D:10: hmm, i should berserk myself first, that was retarded #################### .......@..<........ ##..#...##...#.... .##..#........# .# ..............#...#. ####................ #....##'######### #....#.....# #....#.....# #....#.....# Turn 2487 on D:10: after this many games, still ####################### ...............<...... #...##..#...##...#... .###...##..#........# . .......@............#... ### ###+######.............. ..# #....##'####### ..# #....#.....# ..##### #....#.....# ..#...# #....#.....# ..#...# ###########....#.....# ..#...###..............#.....# ..#.............#......#.....# Turn 3722 on D:10: this fucking layout #≈≈.......≈≈### +≈≈.......≈≈K. #≈≈.......≈≈### +≈≈.......≈≈K.+ #≈≈.......≈≈## ##≈.......≈## ####'''#### ##...).## #∩[...@∩# #...8...# ##.....## ###+### Turn 4263 on Bailey: lul #≈≈.......≈≈### +≈≈.......≈≈K. #≈≈.......≈≈### +≈≈.......≈≈K.+ #≈≈.......≈≈## ##≈.......≈## ####'''#### ##...).## #∩@...[∩# #...8...# ##.....## ###+### Turn 4267 on Bailey: quality loot #..###.#.# #........#.# .........# #..........# ###.#....# ######..........# #.#.#### #...............# #...# #.###.#######...# #...#######.....# #...# ###......####...# ####.).# #.#..#.# #.#.# #......# ####....#.# #.@.# #.#....# #.........# ##### #......# #.........# #......# #.........# #.#....# #.#.......# #......# #.........# #......# ####...#### #....#.# #.#.# ..e.#.# #.#.# Turn 5305 on D:10: inb4 lair is behind him .##......# #..#.#.# #.#. .........# #..#.#.#######... ####.###.# #..#.#........### #..'.###.# ##.#..........# #..#.....# ###..........# .........# ######.####..# .....#...# #######..#.'.......### #........# #.....#..#.#.......... #........# #.###@#.##.#......###. #....###.# #.....#.##.#...#...... #........# #.....#....#.......... #...###### #.....#.####.......... #...# #.....#.#.....####..#. ##.## #.###.#.#)............ #...########.....###.#.###....... #...#.......#####....#. #.#..... #8_8#.......#...#....#.# #....... Turn 5462 on D:10: jesus christ ..........#**,,#.####........#### ..........#*,.......#............ ..........#*,#.#.##.##'##'....... ..........#*,#.#.#......##....... ..........#*,#.#.#......##....... ..........#*,#...#......#........ ..........#*,*#..#......#....^... ..........#*,*#..#......#........ ..#####'###*,**#@'......##....... ### #.####.# ###......##....... #......# #......##....... ######## #......##....... #......##....... #####.)....##....... #.........#########. #.######### #. #.# #. Turn 5679 on D:9: W H E R E

..#......#.......#...<..#........
..#......#.......#......#........
..#...##.#.......#....###########
###...##.##'######....########...
......##....##...............#...
......##....##...............#.##
......##....##...............#.#
......##....##.#######.......#.##
......##....##..@)).....)[)..#...
##'###############)######'####...
...............#8...8#...........
...............#.....#.....###...
........#####..#..>..#.....# #...
####....# #..#.....#.....# #...
........# #..#8...8#.....# #...
........# #..#######.....###...
........# #....................


Turn 6033 on D:12: this *rage is going to kill me 100% .......#.##....
............... ................ ................ ................
...........#.... .......<>...#... ................ #......@...#... ##.#...)...#
. #.........## .........## .......... .........#. ....#.#.#... ...#.##### ##
.... Turn 6053 on Orc:1: jesus stop turning on ....... .....#. #......#.......
............... ............... ............... ........$...... ......$........
.bazaar in orc:2 .................#...... .. ....#......#...........##........
..........................T...... .......................#.o.......
[[.........................#o.... [[[..............................
.)........[[..................... .....<..)[[<)...................#
........))[)....@)...#......# ......................).....#
..#.....................)..## ######......##..##.#..##.### #####################
Turn 6441 on Orc:2: jesus fuck it turns on immediately when off cooldown

Levels and vault maps discovered:
D:1:      elethiomel_arrival_quiet, layout_basic,
          shapermc_ecumenical_altar_mp_ritualfount
D:2:      layout_basic, serial_shops, nicolae_shop_stone
D:3:      layout_loops_cross, jmf_multi_god_temple, minmay_statues_item,
          minmay_misc_feat_pillars, mrwooster_statue_mirror
D:4:      layout_loops_cross, worldfamousw_hep_ancestral_shrine,
          dk_noncrumbling_3, minmay_pentangle
D:5:      layout_basic, minmay_temple_entry_junction
D:6:      layout_rooms, tso_altar, uniq_pikel
D:7:      layout_cave_pods, minmay_misc_feat_rugged, nrook_mini_backslash,
          roderic_st_hans_cross
D:8:      layout_rooms, kennysheep_mini, uniq_maggie
D:9:      layout_basic, lair_entry_dummy
D:10:     layout_stronghold, grunt_gozag_breadcrumbs, serial_shops,
          nicolae_shop_stone, uniq_fannar
D:11:     layout_loops_cross, serial_shops, nicolae_shop_trees, enter_bailey_7,
          hangedman_abyss_or_decor_slice, uniq_sonja
D:12:     layout_stronghold, kennysheep_orc_monster_closet_entryway,
          grunt_qazlal_clouds
Orc:1:    layout_caves, basic_altar, minmay_orc_keep
Orc:2:    grunt_orc_tribal_feast, layout_caves, serial_shops, bzr_entry_water

Skill      XL: |  1  2  3  4  5  6  7  8  9 10 11 12 |
---------------+-------------------------------------+-----
Axes           | 4 5 6 7 8 9 |  9.5
Fighting       | 4 6 7 8 10 | 10.5
Long Blades    | 6 11 12 | 12.8
Dodging        | 5 7 |  7.1
Armour         | |  2.0

Action                   |  1- 3 |  4- 6 |  7- 9 | 10-12 || total
-------------------------+-------+-------+-------+-------++-------
Melee: Hand axe          |    80 |    56 |    14 |       ||   150
       War axe           |       |       |   151 |       ||   151
       Long sword        |       |       |    27 |   364 ||   391
Throw: Dart              |       |       |       |     6 ||     6
Invok: Berserk           |     4 |     4 |     8 |     7 ||    23
       Trog's Hand       |       |     2 |     2 |     6 ||    10
  Use: Scroll            |       |     4 |     3 |    10 ||    17
       Potion            |       |       |       |     3 ||     3
 Stab: Distracted        |       |       |       |     1 ||     1
       Sleeping          |       |       |       |     1 ||     1
Armor: Animal skin       |     7 |       |       |       ||     7
       Ring mail         |    10 |    27 |   102 |    22 ||   161
       Troll leather arm |       |       |       |   165 ||   165
Dodge: Dodged            |    62 |    42 |   125 |   254 ||   483
       Rpst.: Long sword |       |       |     5 |    46 ||    51

Table legend: (Time is in decaauts)
 A = Elapsed time spent in this place.
 B = Non-inter-level travel time spent in this place.
 C = Inter-level travel time spent in this place.
 D = Time resting spent in this place.
 E = Time spent auto-exploring this place.
 F = Levels seen in this place.
 G = Mean time per level.
                   A        B        C        D        E       F      G
               +--------+--------+--------+--------+--------+-----+--------+
         Total |   6810 |   5644 |   1166 |    276 |      0 |  15 |  454.0 |
       Dungeon |   6270 |   5104 |   1166 |    276 |      0 |  12 |  522.5 |
  Orcish Mines |    502 |    502 |      0 |      0 |      0 |   2 |  251.0 |
        Bailey |     37 |     37 |      0 |      0 |      0 |   1 |   37.0 |
               +--------+--------+--------+--------+--------+-----+--------+

Top non-repeatable levels by time:
    D:10: 1040 daAuts
     D:9: 721 daAuts
    D:12: 720 daAuts
    D:11: 714 daAuts
     D:4: 694 daAuts
     D:8: 528 daAuts
     D:5: 499 daAuts
     D:7: 429 daAuts
   Orc:2: 401 daAuts
     D:6: 325 daAuts
     D:2: 310 daAuts
     D:3: 234 daAuts
   Orc:1: 100 daAuts
     D:1: 51 daAuts
  Bailey: 37 daAuts
